 Dungeon Crawl Stone Soup version 0.30.1-11-g7821555f0a (webtiles) character file.

Game seed: 9029783874826418056

1187 porpoise the Digger (level 8, -2/46 HPs)
             Began as a Gargoyle Earth Elementalist on Dec 14, 2023.
             Was a Follower of Sif Muna.
             Slain by an ogre
             ... wielding a +0 giant club
              (25 damage)
             ... on level 5 of the Dungeon.
             The game lasted 00:16:54 (4805 turns).

porpoise the Digger (Gargoyle Earth Elementalist)   Turns: 4805, Time: 00:16:55

Health: -2/46      AC:  9    Str: 11    XL:     8   Next: 43%
Magic:  3/14       EV: 11    Int: 19    God:    Sif Muna [*.....]
Gold:   234        SH:  0    Dex: 10    Spells: 11/15 levels left

rFire   . . .        a - +5 dagger
rCold   . . .        (no shield)
rNeg    + . .        c - +0 robe
rPois   ∞            j - +0 helmet
rElec   +            B - +0 cloak
rCorr   +            (no gloves)
SInv    .            (no boots)
Will    .....        (no amulet)
Stlth   +++          k - ring of resist corrosion
HPRegen 0.27/turn    (no ring)
MPRegen 0.14/turn

%: no passive effects
@: no status effects
A: sickness immunity, AC +5, negative energy resistance 1, electricity
resistance, torment resistance 1, petrification resistance
a: Renounce Religion, Channel Magic


You were on level 5 of the Dungeon.
You worshipped Sif Muna.
Sif Muna was aware of your devotion.
You visited 1 branch of the dungeon, and saw 5 of its levels.

You collected 234 gold pieces.

Inventory:

Hand Weapons
 a - a +5 dagger (weapon)
 b - a +0 sling
Missiles
 t - 5 atropa-tipped darts
 I - 2 throwing nets
Armour
 c - a +0 robe (worn)
 i - an orb of wrath
 j - a +0 helmet (worn)
 B - a +0 cloak (worn)
Jewellery
 k - a ring of resist corrosion (left hand)
 s - a ring of flight
 C - a ring of ice
Wands
 E - a wand of roots (8)
 G - a wand of light (4)
Scrolls
 d - 2 scrolls of poison
 e - 2 scrolls of enchant weapon
 g - 2 scrolls of fog {unknown}
 l - a scroll of amnesia
 o - 3 scrolls of vulnerability
 p - a scroll of blinking {unknown}
 u - a scroll of brand weapon {unknown}
 v - a scroll of teleportation
 z - a scroll of identify {unknown}
 A - a scroll of immolation
 F - a scroll of enchant armour {unknown}
 J - a scroll of summoning {unknown}
Potions
 f - 4 potions of degeneration {unknown}
 h - 3 potions of curing
 m - a potion of might {unknown}
 n - a potion of brilliance {unknown}
 q - 2 potions of flight {unknown}
 r - 2 potions of cancellation {unknown}
 w - a potion of mutation {unknown}
 x - a potion of haste {unknown}
 y - a potion of magic
 H - a potion of ambrosia {unknown}


   Skills:
 + Level 3.5 Fighting
 - Level 1.5 Dodging
 + Level 5.3 Stealth
 + Level 4.3 Spellcasting
 - Level 5.0 Conjurations
 - Level 0.7 Transmutations
 - Level 7.0 Earth Magic


You had 11 spell levels left.
You knew the following spells:

 Your Spells              Type           Power      Damage    Failure   Level
a - Sandblast             Erth           60%        2d14      1%          1
b - Stone Arrow           Conj/Erth      52%        3d10      3%          3

Your spell library contained the following spells:

 Spells                   Type           Power      Damage    Failure   Level
 Passwall                 Tmut/Erth      15%        N/A       4%          2
 Poisonous Vapours        Pois/Air       8%         N/A       21%         2
 Mephitic Cloud           Conj/Pois/Air  10%        N/A       21%         3
 Petrify                  Tmut/Erth      18%        N/A       26%         4
 Freezing Cloud           Conj/Ice/Air   5%         6-21      88%         5


Dungeon Overview and Level Annotations

Branches:
Dungeon (5/15)
 Temple: D:4-7

Altars:
Fedhas
Qazlal
Ru
Sif Muna
Xom
Yredelemnul
The Shining One

Shops:
D:2 (

Annotations:
D:1 2 runed translucent doors


Innate Abilities, Weirdness & Mutations

You are immune to sickness and miasma.
Your stone body is resilient. (AC +5)
You are immune to poison.
You resist negative energy. (rN+)
You are resistant to electric shocks. (rElec)
You are resistant to unholy torment.
You are immune to petrification.


Message History

The ice beast hits you but does no damage.
Unknown command.
Okay, then.
Casting: Sandblast (safe; 1% risk of failure)
Confirm with . or Enter, or press ? or * to list all spells.
Aiming: Sandblast (safe; 1% risk of failure)
Press: ? - help, Shift-Dir - straight line, f/p - ice beast
Aim: an ice beast (almost dead, 84% to hit)
The blast of sand hits the ice beast.
You kill the ice beast!
Sif Muna accepts your kill. The ogre closely misses you.
Casting: Sandblast (safe; 1% risk of failure)
Confirm with . or Enter, or press ? or * to list all spells.
Aiming: Sandblast (safe; 1% risk of failure)
Press: ? - help, Shift-Dir - straight line, f - ogre
Aim: an ogre, wielding a +0 giant club (92% to hit)
The blast of sand hits the ogre!
The ogre is moderately wounded.
The ogre hits you with a +0 giant club!
Unknown command.
Casting: Sandblast (safe; 1% risk of failure)
Confirm with . or Enter, or press ? or * to list all spells.
Aiming: Sandblast (safe; 1% risk of failure)
Press: ? - help, Shift-Dir - straight line, f/p - ogre
Aim: an ogre, wielding a +0 giant club (moderately wounded, 92% to hit)
The blast of sand hits the ogre.
The ogre is heavily wounded.
The ogre hits you with a +0 giant club.
Unknown command.
Casting: Sandblast (safe; 1% risk of failure)
Confirm with . or Enter, or press ? or * to list all spells.
Aiming: Sandblast (safe; 1% risk of failure)
Press: ? - help, Shift-Dir - straight line, f/p - ogre
Aim: an ogre, wielding a +0 giant club (heavily wounded, 92% to hit)
The blast of sand hits the ogre!
The ogre is almost dead.
The ogre hits you with a +0 giant club!!
Ouch! That really hurt!
You die...

#..)....#.# ..##.##...#....####.#
######..#.## ..#.#...##..........
.....#..#..## '#.#).##.....####.#
####.#......###...###......####.#
)...............8................
.....##.#...###..[###....########
#######.#..## +#W#'.##...# ##
#.#.## #O#...##..# #. #.#.#
#@##...#..#######. #.#.#
#...##.?#..#....... #######.#.#
#.....####..#.####†. ........#..
.............#.# #..
###.############..######.#.# #..
##.# ##.#.## #.. ....##<....# #..
###........###.# ####.........#


You could see an ogre and a phantom.

Vanquished Creatures
  A steam dragon (D:5)
  An ice beast (D:5)
  A black bear (D:5)
  A sky beast (D:3)
  An ogre (D:5)
  A centaur (D:5)
  Blork the orc (D:5)
  A scorpion (D:5)
  2 hounds
  A jelly (D:5)
  Terence (D:3)
  An iguana (D:5)
  A sleepcap (D:4)
  Natasha (thrice) (D:4)
  An orc wizard (D:4)
  4 adders
  12 gnolls
  2 worms
  A dart slug (D:4)
  5 orcs
  A ball python (D:2)
  4 bats
  6 endoplasms
  4 giant cockroaches
  6 goblins
  7 hobgoblins
  2 jackals (D:3)
  4 kobolds
  2 quokkas
  A frilled lizard (D:1)
  3 rats (D:1)
82 creatures vanquished.

Vanquished Creatures (others)
  An adder (D:5)
1 creature vanquished.

Grand Total: 83 creatures vanquished

Notes
Turn   | Place    | Note
-------+----------+-------------------------------------------
     0 | D:1      | porpoise the Gargoyle Earth Elementalist began the quest
                  | for the Orb.
     0 | D:1      | Reached XP level 1. HP: 10/10 MP: 3/3
   281 | D:1      | Reached XP level 2. HP: 15/15 MP: 5/5
   283 | D:1      | Reached skill level 4 in Earth Magic
   476 | D:1      | Found a large runed translucent door.
   476 | D:1      | Found a large runed translucent door.
   476 | D:1      | Noticed an orc warrior
  1398 | D:2      | Reached XP level 3. HP: 19/19 MP: 1/7
  1402 | D:2      | Learned a level 3 spell: Stone Arrow
  1455 | D:2      | Found Ebanwot's Weapon Boutique.
  1539 | D:3      | Noticed a sky beast
  1558 | D:3      | Killed a sky beast
  1559 | D:3      | Reached skill level 5 in Earth Magic
  1559 | D:3      | Reached XP level 4. HP: 7/24 MP: 2/8
  1559 | D:3      | Reached XP level 5. HP: 8/28 MP: 2/9
  1799 | D:3      | Found a sacrificial altar of Ru.
  1816 | D:3      | Noticed Terence
  1819 | D:3      | Killed Terence
  2007 | D:3      | Found a stormy altar of Qazlal.
  2013 | D:3      | Found a blossoming altar of Fedhas.
  2167 | D:3      | Found a faded altar of an unknown god.
  2845 | D:4      | Reached skill level 6 in Earth Magic
  2845 | D:4      | Reached XP level 6. HP: 4/32 MP: 10/10
  2942 | D:4      | Noticed Natasha
  2953 | D:4      | Killed Natasha
  3200 | D:4      | Found a shimmering blue altar of Sif Muna.
  3205 | D:4      | Became a worshipper of Sif Muna the Loreminder
  3208 | D:4      | Found a shimmering altar of Xom.
  3407 | D:4      | Noticed Natasha
  3411 | D:4      | Killed Natasha
  3468 | D:4      | Noticed Natasha
  3482 | D:4      | Killed Natasha
  3725 | D:4      | Found a basalt altar of Yredelemnul.
  3925 | D:5      | Entered Level 5 of the Dungeon
  3950 | D:5      | Noticed Blork the orc
  4064 | D:5      | Killed Blork the orc
  4065 | D:5      | Reached XP level 7. HP: 32/36 MP: 2/11
  4155 | D:5      | Reached skill level 7 in Earth Magic
  4298 | D:5      | Reached skill level 5 in Conjurations
  4382 | D:5      | Reached skill level 1 in Fighting
  4455 | D:5      | Found a glowing golden altar of the Shining One.
  4633 | D:5      | Reached * piety under Sif Muna
  4693 | D:5      | Reached XP level 8. HP: 42/44 MP: 9/13
  4794 | D:5      | Reached skill level 5 in Stealth
  4805 | D:5      | Slain by an ogre

Illustrated notes

Levels and vault maps discovered:
D:1:      erik_arrival_cave_to_civilisation [erik_arrival_cave_to_temple],
          layout_rooms
D:2:      layout_loops_ring, serial_shops, nicolae_shop_bloodbath_and_beyond
D:3:      layout_loops_ring, grunt_temple_overflow_forces_of_nature,
          old_standard_altar, dreamdust_ecumenical_altar_angels_and_demons,
          uniq_terence
D:4:      layout_loops_corners, minitemple, marbit_many_paths, minmay_puff,
          uniq_natasha
D:5:      cheibrodos_barr_body, layout_basic,
          mainiacjoe_overflow_small_starburst, gammafunk_ghost_cemetery,
          uniq_blork_the_orc

Skill      XL: |  1  2  3  4  5  6  7  8 |
---------------+-------------------------+-----
Earth Magic    | 4 5 6 7 |  7.0
Conjurations   | 2 3 4 5 |  5.0
Stealth        | 4 5 |  5.3
Spellcasting   | 3 4 |  4.3
Fighting       | 2 3 |  3.5
Dodging        | |  1.5
Transmutations | |  0.7

Action                     |  1- 3 |  4- 6 |  7- 9 || total
---------------------------+-------+-------+-------++-------
  Melee: Dagger            |    48 |    19 |       ||    67
   Cast: Sandblast         |    15 |    52 |    42 ||   109
         Stone Arrow       |       |     4 |     6 ||    10
    Use: Scroll            |     2 |     4 |       ||     6
         Potion            |       |     2 |     1 ||     3
   Stab: Sleeping          |     6 |     1 |       ||     7
 Armour: Robe              |    19 |    13 |    18 ||    50
  Dodge: Dodged            |    23 |    16 |    18 ||    57
